 Dungeon Sprint DCSS version 0.30-a0-12-gd8047c6341 (webtiles) character file.

Game seed: 11451199267777916341

12600 mhtbhm the Ninja (level 11, 0/87 HPs)
             Began as a Spriggan Brigand on Aug 23, 2022.
             Was the Champion of Dithmenos.
             Constricted to death by an anaconda (2 damage)
             ... in the Dungeon (Sprint III: "The Ten Rune Challenge").
             The game lasted 00:05:42 (1795 turns).

mhtbhm the Ninja (Spriggan Brigand)                 Turns: 1795, Time: 00:05:43

Health: 0/87       AC: 10    Str:  7    XL:     11   Next: 64%
Magic:  19/19      EV: 20    Int: 14    God:    Dithmenos [******]
Gold:   35         SH:  0    Dex: 20    Spells: 10/10 levels left

rFire   . . .      SeeInvis +    a - +2 dagger
rCold   . . .      Faith    .    (no shield)
rNeg    . . .      Spirit   .    b - +3 troll leather armour {Snorg}
rPois   .          Reflect  .    m - +1 hat
rElec   .          Harm     .    c - +0 cloak
rCorr   .          Rampage  .    (gloves unavailable)
Will    +....      NoTele   +    (boots unavailable)
Stlth   ..........               (no amulet)
HPRegen 1.04/turn                (no ring)
MPRegen 0.16/turn                (no ring)

@: berserking, wreathed by umbra, constricted, very quick
A: very small, no large weapons, unfitting armour, see invisible, speed 3, low
MP 1, noise suppression
a: Renounce Religion, Shadow Step, Shadow Form


You were in the Dungeon.
You worshipped Dithmenos.
Dithmenos was exalted by your worship.
You visited 1 branch You collected 35 gold pieces.

Inventory:

Hand Weapons
 a - a +2 dagger (weapon)
Missiles
 d - 8 poisoned darts
 e - 5 curare-tipped darts (quivered)
 j - 5 datura-tipped darts
 v - 5 atropa-tipped darts
Armour
 b - a +3 troll leather armour (worn) {Snorg}
 c - a +0 cloak (worn)
 m - a +1 hat (worn)
Scrolls
 k - a scroll of blinking
 o - 2 scrolls of immolation {unknown}
 p - 3 scrolls of identify
Potions
 f - a potion of curing
 h - a potion of haste
 i - 2 potions of magic
 l - a potion of resistance {unknown}
 n - a potion of mutation
 q - a potion of lignification {unknown}
 r - a potion of flight {unknown}
 t - a potion of might
Miscellaneous
 u - a lightning rod (4/4)


   Skills:
 + Level 6.4 Fighting
 + Level 10.6 Short Blades
 + Level 8.7 Throwing
 + Level 4.8 Armour
 + Level 8.9 Dodging
 O Level 27 Stealth
 * Level 13.3 Invocations
 + Level 11.7 Evocations


You had 10 spell levels left.
You didn't know any spells.
Your spell library contained the following spells:

 Spells                   Type           Power      Damage    Failure   Level
 Freeze                   Ice            0%         1d3       38%         1
 Frozen Ramparts          Ice            0%         1d1       77%         3
 Hailstorm                Conj/Ice       0%         3d3       99%         4


Dungeon Overview and Level Annotations

Branches:
Dungeon (1/1)

Altars:
Cheibriados
Dithmenos
Elyvilon
Fedhas
Gozag
Hepliaklqana
Kikubaaqudgha
Makhleb
Nemelex Xobeh
Okawaru
Qazlal
Ru
Sif Muna
Trog
Uskayaw
Vehumet
Wu Jian
Xom
Yredelemnul
Zin
The Shining One
Jiyva
Lugonu


Innate Abilities, Weirdness & Mutations

You are very small and have problems with some larger weapons.
You are too small for most types of armour.
You have supernaturally acute eyesight. (SInv)
You cover ground extremely quickly. (Speed+++)
Your magical capacity is low. (-10% MP)
You passively dampen the noise of your surroundings.


Message History

* * * LOW HITPOINT WARNING * * *
You emit a cloud of dark smoke.
The anaconda constricts you.
* * * LOW HITPOINT WARNING * * *
You feel much better. The water moccasin barely misses you.
The anaconda barely misses you. The anaconda constricts you.
The water moccasin barely misses you.
Unknown command.
A red film seems to cover your vision as you go berserk!
You feel yourself moving faster!
You feel mighty! The anaconda bites you.
You emit a cloud of dark smoke.
The anaconda constricts you. The water moccasin misses you.
You closely miss the anaconda.
The anaconda is moderately wounded.
The anaconda bites you!
* * * LOW HITPOINT WARNING * * *
The anaconda constricts you.
* * * LOW HITPOINT WARNING * * *
The water moccasin bites you.
* * * LOW HITPOINT WARNING * * *
You closely miss the anaconda.
The anaconda is moderately wounded.
You miss the anaconda.
The anaconda is moderately wounded.
The anaconda barely misses you. The anaconda constricts you.
* * * LOW HITPOINT WARNING * * *
Unknown command.
You puncture the anaconda!
The anaconda is heavily wounded.
Your shadow hits the anaconda with a dagger.
The water moccasin bites you but does no damage.
You miss the anaconda.
The anaconda is heavily wounded.
Your shadow hits the anaconda with a dagger.
Unknown command.
You miss the anaconda.
The anaconda is severely wounded.
The water moccasin closely misses you. The anaconda bites you!
* * * LOW HITPOINT WARNING * * *
The anaconda constricts you.
You die...

.†.#.~♣♣♣♣♣♣♣♣♣♣♣♣♣♣♣♣PP##.#.#.##
♣♣♣#..♣♣ ♣♣♣##'#####
###'♣♣♣♣♣♣♣♣♣♣♣♣♣♣♣ #...+
♣♣♣♣†##..##~~~~~≈..# #...#
♣...##.##.#~~~~≈...# #).)#
♣♣.##†##†##'~~~≈≈####+#####
♣..#.##...#§§§§§...!.#
♣♣.##.##.)#§§§§#######
♣♣.##.#####§S@#.....)#
♣†....##S§§§S§#♣♣♣._.#
########§############# #§.S...S..
#.....S... ##########


You could see an anaconda (poisoned, slow) and a water moccasin.

Vanquished Creatures
  Frances (D)
  Donald (D)
  Snorg (D)
  2 hydras (D)
  A centaur warrior (D)
  Urug (D)
  A death drake (D)
  A spriggan druid (D)
  A lindwurm (D)
  A deep elf pyromancer (D)
  2 cane toads (D)
  An unseen horror (D)
  A komodo dragon (D)
  A rime drake (D)
  A queen bee (D)
  3 wandering mushrooms (D)
  2 tyrant leeches (D)
  A shadow (D)
  2 spriggans (D)
  3 redbacks (D)
  A spatial vortex (D)
  A swamp drake (D)
  2 centaurs (D)
  An earth elemental (D)
  A water elemental (D)
  A necrophage (D)
  32 killer bees (D)
  An electric eel (D)
  A jelly (D)
  A wizard (D)
  A necromancer (D)
  3 humans (D)
  A kobold demonologist (D)
  A wolf (D)
  2 endoplasms (D)
  2 rats (D)
80 creatures vanquished.

Notes
Turn   | Place    | Note
-------+----------+-------------------------------------------
     0 | D        | mhtbhm the Spriggan Brigand began the quest for the Orb.
     0 | D        | Reached XP level 1. HP: 10/10 MP: 2/2
    10 | D        | Reached skill level 6 in Stealth
    12 | D        | Reached skill level 7 in Stealth
   132 | D        | Noticed a wolf
   135 | D        | Killed a wolf
   136 | D        | Reached skill level 9 in Stealth
   136 | D        | Reached XP level 2. HP: 15/15 MP: 3/3
   140 | D        | Reached skill level 10 in Stealth
   140 | D        | Reached XP level 3. HP: 18/18 MP: 4/4
   155 | D        | Gained mutation: Your spells are a little easier to cast,
                  | but a little less powerful. [potion of mutation]
   155 | D        | Gained mutation: Your spells are easier to cast, but less
                  | powerful. [potion of mutation]
   156 | D        | Lost mutation: Your spells are easier to cast, but less
                  | powerful. [potion of mutation]
   156 | D        | Lost mutation: Your spells are a little easier to cast, but
                  | a little less powerful. [potion of mutation]
   156 | D        | Gained mutation: Your magical capacity is low. (-10% MP)
                  | [potion of mutation]
   156 | D        | Gained mutation: You passively dampen the noise of your
                  | surroundings. [potion of mutation]
   159 | D        | Noticed a water elemental
   174 | D        | Killed a water elemental
   175 | D        | Reached skill level 12 in Stealth
   175 | D        | Reached XP level 4. HP: 15/23 MP: 4/4
   354 | D        | Found a shadowy altar of Dithmenos.
   354 | D        | Noticed a necrophage
   355 | D        | Found a basalt altar of Yredelemnul.
   355 | D        | Found a sacrificial altar of Ru.
   357 | D        | Reached skill level 13 in Stealth
   357 | D        | Killed a necrophage
   358 | D        | Reached skill level 15 in Stealth
   358 | D        | Reached XP level 5. HP: 28/28 MP: 5/5
   361 | D        | Became a worshipper of Dithmenos the Shadowed
   378 | D        | Found a radiant altar of Vehumet.
   379 | D        | Found a shimmering blue altar of Sif Muna.
   379 | D        | Found an ancient bone altar of Kikubaaqudgha.
   383 | D        | Noticed a neqoxec
   387 | D        | Reached skill level 1 in Invocations
   514 | D        | Found a glowing silver altar of Zin.
   515 | D        | Found a glowing golden altar of the Shining One.
   515 | D        | Found a white marble altar of Elyvilon.
   515 | D        | Noticed a deep elf pyromancer
   517 | D        | Killed a deep elf pyromancer
   517 | D        | Reached * piety under Dithmenos
   518 | D        | Reached skill level 19 in Stealth
   518 | D        | Reached XP level 6. HP: 33/33 MP: 6/9
   518 | D        | Reached XP level 7. HP: 37/37 MP: 6/10
   529 | D        | Found a hide-covered altar of Uskayaw.
   529 | D        | Found an iron altar of Okawaru.
   530 | D        | Found a bloodstained altar of Trog.
   530 | D        | Found an ornate altar of the Wu Jian Council.
   530 | D        | Noticed a human
   530 | D        | Noticed a human
   532 | D        | Killed a human
   533 | D        | Reached skill level 5 in Throwing
   533 | D        | Reached skill level 5 in Invocations
   533 | D        | Killed a human
   534 | D        | Reached skill level 20 in Stealth
   572 | D        | Noticed a shadow
   574 | D        | Killed a shadow
   574 | D        | Reached ** piety under Dithmenos
   575 | D        | Reached XP level 8. HP: 42/42 MP: 12/12
   580 | D        | Found a blossoming altar of Fedhas.
   580 | D        | Found a stormy altar of Qazlal.
   581 | D        | Found a snail-covered altar of Cheibriados.
   581 | D        | Found a burning altar of Makhleb.
   581 | D        | Found a hazy altar of Hepliaklqana.
   581 | D        | Found a shimmering altar of Xom.
   581 | D        | Found an opulent altar of Gozag.
   581 | D        | Found a sparkling altar of Nemelex Xobeh.
   581 | D        | Found a corrupted altar of Lugonu.
   581 | D        | Found a viscous altar of Jiyva.
   737 | D        | Noticed Snorg
   805 | D        | Killed Snorg
   806 | D        | Reached skill level 22 in Stealth
  1056 | D        | Reached skill level 5 in Fighting
  1106 | D        | Reached *** piety under Dithmenos
  1112 | D        | Noticed a centaur warrior
  1115 | D        | Reached XP level 9. HP: 47/47 MP: 14/14
  1116 | D        | Killed a centaur warrior
  1117 | D        | Reached skill level 1 in Armour
  1117 | D        | Reached skill level 23 in Stealth
  1130 | D        | Noticed an unseen horror
  1131 | D        | Killed an unseen horror
  1131 | D        | Reached **** piety under Dithmenos
  1142 | D        | Noticed a wandering mushroom
  1146 | D        | Noticed a wandering mushroom
  1148 | D        | Noticed a wandering mushroom
  1149 | D        | Killed a wandering mushroom
  1150 | D        | Reached skill level 5 in Evocations
  1154 | D        | Killed a wandering mushroom
  1219 | D        | Reached skill level 5 in Dodging
  1249 | D        | Noticed a queen bee
  1251 | D        | Reached skill level 24 in Stealth
  1251 | D        | Reached ***** piety under Dithmenos
  1253 | D        | Reached XP level 10. HP: 51/51 MP: 16/16
  1253 | D        | Reached ****** piety under Dithmenos
  1255 | D        | Reached skill level 25 in Stealth
  1257 | D        | Reached skill level 10 in Invocations
  1396 | D        | Noticed Donald
  1396 | D        | Noticed Frances
  1398 | D        | Killed Frances
  1400 | D        | Killed Donald
  1401 | D        | Reached skill level 26 in Stealth
  1429 | D        | Noticed a cane toad
  1429 | D        | Noticed a cane toad
  1435 | D        | Killed a cane toad
  1437 | D        | Killed a cane toad
  1443 | D        | Reached XP level 11. HP: 27/56 MP: 18/18
  1641 | D        | Reached skill level 27 in Stealth
  1648 | D        | Noticed a lindwurm
  1650 | D        | Killed a lindwurm
  1651 | D        | Reached skill level 10 in Short Blades
  1658 | D        | Noticed Urug
  1660 | D        | Killed Urug
  1661 | D        | Reached skill level 10 in Evocations
  1689 | D        | Noticed a six-headed hydra
  1689 | D        | Noticed a four-headed hydra
  1713 | D        | Killed a four-headed hydra
  1714 | D        | Killed a six-headed hydra
  1724 | D        | Noticed a death drake
  1727 | D        | Killed a death drake
  1734 | D        | Found a blossoming altar of Fedhas.
  1734 | D        | Noticed a spriggan druid
  1738 | D        | Killed a spriggan druid
  1762 | D        | Noticed an anaconda
  1795 | D        | HP: 2/87 [anaconda (7)]
  1795 | D        | Constricted to death by an anaconda

Illustrated notes

Levels and vault maps discovered:
D:        dungeon_sprint_mu [sprint_mu_entry_cave, sprint_mu_temple_rooms,
          sprint_mu_d1_horrors, sprint_mu_d2_genie, sprint_mu_d3_branching,
          sprint_mu_orc_legion, sprint_mu_elf_gauntlet, sprint_mu_hive_nellie,
          sprint_mu_lair_fedhas, sprint_mu_vaults_butterflies,
          sprint_mu_slime_circle, sprint_mu_swamp_cave, sprint_mu_snake_twists,
          sprint_mu_blade_basic, sprint_mu_crypt_lich, sprint_mu_tomb_spiral,
          sprint_mu_vestibule_basic, sprint_mu_gehenna_hellfire,
          sprint_mu_dis_giant, sprint_mu_tartarus_statrot,
          sprint_mu_cocytus_islands, sprint_mu_zot1]

Skill      XL: |  1  2  3  4  5  6  7  8  9 10 11 |
---------------+----------------------------------+-----
Stealth        | 9 10 12 15 19 20 22 24 26 27 | 27.0
Fighting       | 2 3 4 5 6 |  6.4
Short Blades   | 3 4 6 7 8 9 10 | 10.6
Throwing       | 3 4 5 6 7 8 |  8.7
Invocations    | 4 5 7 9 11 13 | 13.3
Dodging        | 3 4 5 6 8 |  8.9
Evocations     | 3 6 9 11 | 11.7
Armour         | 1 3 4 |  4.8

Action                   |  1- 3 |  4- 6 |  7- 9 | 10-12 || total
-------------------------+-------+-------+-------+-------++-------
Melee: Dagger            |    15 |     7 |    73 |    36 ||   131
Throw: Dart              |       |     7 |     8 |     4 ||    19
Invok: Shadow Step       |       |       |       |     4 ||     4
Evoke: Lightning rod     |       |       |    10 |     2 ||    12
       Wand              |       |       |     5 |     8 ||    13
  Use: Potion            |     3 |       |     1 |     3 ||     7
 Stab: Sleeping          |     5 |     3 |    11 |    17 ||    36
       Distracted        |       |       |     1 |       ||     1
Armor: Troll leather arm |       |       |     4 |     4 ||     8
Dodge: Dodged            |     4 |     5 |    23 |    28 ||    60

Table legend: (Time is in decaauts)
 A = Elapsed time spent in this place.
 B = Non-inter-level travel time spent in this place.
 C = Inter-level travel time spent in this place.
 D = Time resting spent in this place.
 E = Time spent auto-exploring this place.
 F = Levels seen in this place.
 G = Mean time per level.
                   A        B        C        D        E       F      G
               +--------+--------+--------+--------+--------+-----+--------+
         Total |   1547 |   1547 |      0 |    950 |     95 |   1 | 1547.0 |
       Dungeon |   1547 |   1547 |      0 |    950 |     95 |   1 | 1547.0 |
               +--------+--------+--------+--------+--------+-----+--------+

Top non-repeatable levels by time:
       D: 1547 daAuts
